 Dungeon Crawl Stone Soup version 0.24-a0-218-ga595e75 (webtiles) character file.

Game seed: 10686333657231542053

71 Kobok the Magician (level 4, 0/24 HPs)
             Began as a Deep Elf Fire Elementalist on Mar 30, 2019.
             Slain by an adder (3 damage)
             ... on level 2 of the Dungeon.
             The game lasted 00:02:39 (1525 turns).

Kobok the Magician (Deep Elf Fire Elementalist)     Turns: 1525, Time: 00:02:40

Health: 0/24       AC:  5    Str:  6    XL:     4   Next: 5%
Magic:  3/12       EV: 12    Int: 20    God:
Gold:   72         SH:  0    Dex: 15    Spells: 10/11 levels left

rFire    . . .     SeeInvis .   d - +0 club
rCold    . . .     Gourm    .   (no shield)
rNeg     . . .     Faith    .   i - +0 leather armour (curse)
rPois    .         Spirit   .   (no helmet)
rElec    .         Reflect  .   (no cloak)
rCorr    .         Harm     .   b - +1 pair of gloves
MR       .....                  (no boots)
Stlth    ++........             (no amulet)
HPRegen  0.08/turn              (no ring)
MPRegen  0.13/turn              (no ring)

@: very slightly contaminated, slowed, very slow
A: no striking features
a: no special abilities


You were on level 2 of the Dungeon.
You were not hungry.

You visited 1 branch of the dungeon, and saw 2 of its levels.

You collected 72 gold pieces.

Inventory:

Hand Weapons
 d - a +0 club (weapon)
Armour
 a - a +0 robe
 b - a +1 pair of gloves (worn)
 i - a cursed +0 leather armour (worn)
Jewellery
 g - an uncursed amulet of faith {unknown}
Scrolls
 e - a scroll of immolation {unknown}
 f - a scroll of identify {unknown}
 l - a scroll of remove curse {unknown}
Potions
 h - a potion of lignification {unknown}
 j - 2 potions of degeneration {unknown}
Comestibles
 c - 3 rations
 k - 3 chunks of flesh


   Skills:
 * Level 0.5 Armour
 - Level 2.4 Dodging
 - Level 2.8 Stealth
 + Level 4.4 Spellcasting
 + Level 1.6 Conjurations
 + Level 4.0 Fire Magic


You had 10 spell levels left.
You knew the following spells:

 Your Spells              Type           Power        Failure   Level  Hunger
a - Flame Tongue          Conj/Fire      ###..        6%          1    None

Your spell library contained the following spells:

 Spells                   Type           Power        Failure   Level  Hunger
 Throw Flame              Conj/Fire      ###...       9%          2    #......
 Conjure Flame            Conj/Fire      ###.....     19%         3    ###....
 Inner Flame              Hex/Fire       ##......     26%         3    ###....
 Sticky Flame             Conj/Fire      ###.....     52%         4    ####...
 Fireball                 Conj/Fire      ###.......   86%         5    ######.


Dungeon Overview and Level Annotations

Branches:
Dungeon (2/15)

Altars:
Ashenzari


Message History

You feel clever. The adder barely misses you.
The adder bites you but does no damage.
Casting: Flame Tongue (safe; 6% risk of failure)
Confirm with . or Enter, or press ? or * to list all spells.
Aiming: Flame Tongue (safe; 6% risk of failure)
Press: ? - help, Shift-Dir - straight line, f - adder
Aim: an adder The flame tongue hits the adder!
The adder is heavily wounded.
The adder closely misses you. The adder bites you.
* * * LOW HITPOINT WARNING * * *
Casting: Flame Tongue (safe; 6% risk of failure)
Confirm with . or Enter, or press ? or * to list all spells.
Aiming: Flame Tongue (safe; 6% risk of failure)
Press: ? - help, Shift-Dir - straight line, f/p - adder
Aim: an adder (heavily wounded)
You miscast Flame Tongue.
You are very lightly contaminated with residual magic.
Nothing appears to happen.
The adder bites you.
You die...

.....#.## ##
#........ #..
......... #.#
#........ #.#
#........ #.#
##........
#.###.........
#######.##.#@S#
.............##
#.....#..##..#
###.....#.# #..#
#.......#.###..##
#.......#.#.)....
###...........##.##
..............##..
..[...........# ..


You could see an adder.

Vanquished Creatures
  Natasha (D:2)
  An adder (D:2)
  2 worms (D:2)
  3 dart slugs
  A leopard gecko (D:1)
  4 bats (D:1)
  2 giant cockroaches
  3 goblins (D:1)
  A hobgoblin (D:2)
  A ball python (D:1)
  4 frilled lizards
  2 kobolds
  3 rats (D:1)
28 creatures vanquished.

Notes
Turn   | Place    | Note
-------+----------+-------------------------------------------
     0 | D:1      | Kobok the Deep Elf Fire Elementalist began the quest for
                  | the Orb.
     0 | D:1      | Reached XP level 1. HP: 10/10 MP: 6/6
   438 | D:1      | Reached XP level 2. HP: 15/15 MP: 6/8
  1035 | D:2      | Found a shattered altar of Ashenzari.
  1153 | D:2      | Reached XP level 3. HP: 16/19 MP: 1/10
  1515 | D:2      | Noticed Natasha
  1523 | D:2      | Killed Natasha
  1523 | D:2      | Reached XP level 4. HP: 8/24 MP: 4/12
  1525 | D:2      | Slain by an adder

Levels and vault maps discovered:
D:1:      dpeg_arrival_subterranean_lakeside_camping, layout_loops_corners
D:2:      layout_basic, evilmike_ruin_ashenzari, kennysheep_small_spiral,
          uniq_jessica, uniq_natasha

Skill      XL: |  1  2  3 |
---------------+----------+-----
Fire Magic     | 4 |  4.0
Spellcasting   | 4 |  4.4
Armour         | |  0.5
Dodging        | |  2.4
Stealth        | |  2.8
Conjurations   | |  1.6

Action                   |  1- 3 |  4- 6 || total
-------------------------+-------+-------++-------
Melee: Club              |     6 |       ||     6
 Cast: Flame Tongue      |    57 |     2 ||    59
 Stab: Sleeping          |     1 |       ||     1
  Eat: Chunk             |     2 |       ||     2
Armor: Robe              |     3 |       ||     3
       Leather armour    |     5 |     1 ||     6
Dodge: Dodged            |    23 |     2 ||    25

Table legend:
 A = Non-vault XP
 B = Vault XP
 C = Vault XP percentage of total XP
 D = Non-vault monster count
 E = Vault monster count
 F = Vault count percentage of total count
                 A         B        C        D         E       F
            +---------+---------+-------+---------+---------+-------
      Total |      58 |      44 |  43.1 |      21 |       7 |  25.0
            +---------+---------+-------+---------+---------+-------
        D:1 |      19 |       9 |  32.1 |      12 |       6 |  33.3
        D:2 |      39 |      35 |  47.3 |       9 |       1 |  10.0
            +---------+---------+-------+---------+---------+-------
